 Dungeon Crawl Stone Soup version 0.18.1-6-gd335043 (webtiles) character file.

469 Chiseanne the Skirmisher (level 6, -2/51 HPs)
             Began as a Mummy Monk on May 17, 2016.
             Slain by a centaur (5 damage)
             ... on level 4 of the Dungeon.
             The game lasted 00:10:56 (4203 turns).

Chiseanne the Skirmisher (Mummy Monk)               Turns: 4203, Time: 00:10:57

Health: -2/51      AC:  6    Str: 15    XL:     6   Next: 82%
Magic:  6/6        EV: 13    Int: 10    God:
Gold:   250        SH:  0    Dex: 15    Spells: 0 memorised, 5 levels left

rFire  x . .     SeeInvis .       - Unarmed
rCold  + . .     Gourm    .     a - +0 ring mail
rNeg   + + +     Faith    .     (no shield)
rPois  ∞         Spirit   .     (no helmet)
rElec  .         Dismiss  .     k - +0 cloak
rCorr  +         Reflect  .     (no gloves)
SustAt .         Harm     .     (no boots)
MR     +....                    (no amulet)
Stlth  +.........               f - ring of protection from magic
                                d - ring of resist corrosion

@: somewhat resistant to hostile enchantments, very unstealthy
A: no food or potions, fire vulnerability, cold resistance 1, negative energy
resistance 3, torment resistance, unbreathing
a: no special abilities


You were on level 4 of the Dungeon.
You were not hungry.

You visited 1 branch of the dungeon, and saw 4 of its levels.

You collected 250 gold pieces.

Inventory:

Missiles
 b - 74 stones (quivered)
 c - 9 sling bullets
 g - 41 arrows
 i - 3 tomahawks
Armour
 a - a +0 ring mail (worn)
 k - a +0 cloak (worn)
Jewellery
 d - a ring of resist corrosion (left hand)
 f - a ring of protection from magic (right hand)
 l - an uncursed ring of protection from magic
Scrolls
 e - 5 scrolls of identify
 h - 2 scrolls of amnesia
 j - 2 scrolls of fog
 m - a scroll of remove curse
 n - 3 scrolls of recharging


   Skills:
 * Level 5.2 Fighting
 * Level 2.5 Armour
 * Level 4.5 Dodging
 - Level 1.5 Stealth
 - Level 3.2 Unarmed Combat


You had 5 spell levels left.
You didn't know any spells.

Dungeon Overview and Level Annotations

Branches:
Dungeon (4/15)
 Temple: D:4-7

Altars:
Cheibriados
Kikubaaqudgha
Pakellas
Trog
Zin


Innate Abilities, Weirdness & Mutations

You do not eat or drink.
Your flesh is vulnerable to fire.
You are immune to poison.
Your flesh is cold resistant.
You are immune to negative energy.
You are immune to unholy pain and torment.
You can survive without breathing.


Message History

The centaur closely misses you.
You barely miss the centaur.
The centaur is severely wounded.
The centaur hits you!
* * * LOW HITPOINT WARNING * * *
You hit the centaur.
The centaur is severely wounded.
The centaur barely misses you.
The centaur hits you but does no damage.
You closely miss the centaur.
The centaur is severely wounded.
The centaur closely misses you.
You hit the centaur but do no damage.
The centaur is severely wounded.
The centaur hits you.
* * * LOW HITPOINT WARNING * * *
You hit the centaur but do no damage.
The centaur is severely wounded.
The centaur hits you.
You die...

.....# #.# #.#.#######
..#..# #.### #.#.# ..#†.#
#... #)#..
..<#.####.#############.###
####.........)..#.....#
####).###...###.#.....#
............# #.#.....#
#####.#....## #c#.....#
#.#....# #.@.....# #.#....#
###.....#
#.#....######.....#
#.................####
##......##......%....#
#......##...........#
##.....##)...............
#.....##.....###...#####
#......(..#.## ##.....


You could see a centaur.

Vanquished Creatures
  2 ogres (D:4)
  A giant frog (D:4)
  A scorpion (D:4)
  Ijyb (D:2)
  A worker ant (D:4)
  7 adders
  An ooze (D:3)
  2 adder skeletons (D:4)
  2 worms (D:2)
  5 dart slugs
  3 giant geckos
  6 bats
  4 giant cockroaches
  5 hobgoblins
  4 kobolds
  4 giant newts
  5 goblins
  6 rats
  A fungus (D:1)
61 creatures vanquished.

Notes
Turn   | Place    | Note
--------------------------------------------------------------
     0 | D:1      | Chiseanne the Mummy Monk began the quest for the Orb.
     0 | D:1      | Reached XP level 1. HP: 18/18 MP: 1/1
   393 | D:1      | Reached XP level 2. HP: 12/24 MP: 2/2
  1255 | D:2      | HP: 1/24 [bat (1)]
  1583 | D:2      | Found a bloodstained altar of Trog.
  1590 | D:2      | Noticed Ijyb
  1618 | D:2      | Killed Ijyb
  1618 | D:2      | Reached XP level 3. HP: 20/30 MP: 3/3
  1686 | D:2      | Reached skill level 4 in Fighting
  1884 | D:2      | Found an ancient bone altar of Kikubaaqudgha.
  2054 | D:2      | Reached XP level 4. HP: 36/37 MP: 4/4
  2587 | D:3      | Found an oddly glowing altar of Pakellas.
  2779 | D:3      | Found a snail-covered altar of Cheibriados.
  2841 | D:3      | Reached skill level 1 in Armour
  2841 | D:3      | Reached XP level 5. HP: 38/43 MP: 5/5
  3001 | D:3      | Found a glowing silver altar of Zin.
  3364 | D:4      | Noticed a centaur
  3384 | D:4      | Noticed an ogre
  3397 | D:4      | Killed an ogre
  3397 | D:4      | Reached XP level 6. HP: 27/50 MP: 6/6
  3497 | D:4      | Reached skill level 5 in Fighting
  4203 | D:4      | Slain by a centaur

Skill      XL: |  1  2  3  4  5  6 |
---------------+-------------------+-----
Dodging        | 3 4 |  4.5
Fighting       | 4 5 |  5.2
Armour         | 1 2 |  2.5
Stealth        | |  1.5
Unarmed Combat | |  3.2

Action                   |  1- 3 |  4- 6 || total
-------------------------+-------+-------++-------
Melee: Unarmed           |   157 |   291 ||   448
       Spear             |     5 |       ||     5
       Punch             |     5 |     1 ||     6
Throw: Stone             |       |     2 ||     2
  Use: Scroll            |     4 |     3 ||     7
 Stab: Sleeping          |     4 |       ||     4
Armor: Robe              |     8 |       ||     8
       Leather armour    |    20 |       ||    20
       Ring mail         |    20 |    84 ||   104
Dodge: Dodged            |    86 |   181 ||   267
